AoeStats
← Macabros

Black Forest

510775828Analyzed
2v2 RM · 22h ago on Oct 2, 2026· 61m 35s· 4 players
Game mode
Random Map
Map size
Medium (4 player)
Population
200
Speed
Normal
Resources
Standard
Victory
Conquest
Starting age
Dark Age
Ending age
Imperial Age
RankedLock teamsTeams togetherTeam positionsShared explorationLock speedFull tech treeHidden civsTurbo modeCheats
Victory
Defeat
🇩🇪 Bohemians · Germany
903
+15
🇩🇪 Turks · Germany
897
+15
🇦🇿 Persians · Azerbaijan
911
-16
🇦🇹 Bengalis · Austria
854
-14
Mr. Lais
0:50 Loom
11:11 Feudal Age
12:18 Man-at-Arms
13:05 Horse Collar
15:20 Arson
16:16 Scale Mail Armor
23:14 Castle Age
21:53 Wheelbarrow
21:54 Forging
22:43 Double-Bit Axe
23:22 Pikeman
25:23 Chain Mail Armor
28:03 Fervor
31:12 Imperial Age
31:27 Iron Casting
31:39 Halberdier
32:46 Murder Holes
38:31 Bow Saw
39:33 Chemistry
39:53 Conscription
40:40 Ballistics
41:04 Elite Hussite Wagon
42:01 Heavy Plow
43:04 Blast Furnace
42:34 Squires
44:02 Redemption
45:04 Wagenburg Tactics
51:06 Two-Man Saw
50:59 Caravan
52:07 Hand Cart
52:25 Plate Mail Armor
53:13 Town Watch
54:56 Town Patrol
56:23 Houfnice
Macabros
7:33 Loom
9:58 Feudal Age
11:08 Double-Bit Axe
20:00 Castle Age
18:22 Horse Collar
19:08 Fletching
20:08 Stone Mining
21:57 Bow Saw
21:56 Heavy Plow
23:18 Gold Mining
27:54 Fortified Wall
27:57 Masonry
28:15 Town Watch
30:25 Wheelbarrow
33:59 Imperial Age
32:58 Gold Shaft Mining
35:07 Bodkin Arrow
36:09 Bloodlines
37:04 Ballistics
36:25 Treadmill Crane
37:16 Architecture
38:30 Forging
38:30 Padded Archer Armor
40:43 Husbandry
42:30 Sipahi
43:13 Iron Casting
43:18 Heated Shot
43:15 Arrowslits
44:41 Elite Janissary
50:09 Artillery
51:39 Blast Furnace
50:56 Leather Archer Armor
56:28 Bracer
56:59 Ring Archer Armor
56:30 Scale Mail Armor
56:35 Scale Barding Armor
56:25 Guard Tower
56:31 Murder Holes
56:56 Bombard Tower
59:28 Hoardings
58:24 Sappers
59:15 Conscription
60:35 Chain Barding Armor
62:10 Plate Barding Armor
61:50 Chain Mail Armor
61:49 Squires
61:35 Arson
VladaN
0:39 Loom
14:10 Feudal Age
14:53 Town Watch
22:11 Castle Age
25:42 Scale Barding Armor
25:50 Husbandry
27:03 Chain Barding Armor
27:56 Forging
30:21 Iron Casting
30:31 Husbandry
31:26 Bloodlines
34:44 Double-Bit Axe
36:29 Horse Collar
37:35 Bow Saw
37:34 Heavy Plow
39:49 Fletching
40:03 Squires
39:50 Arson
40:24 Gold Mining
41:44 Paiks
42:41 Gold Shaft Mining
42:45 Wheelbarrow
44:30 Hand Cart
57:56 Imperial Age
trn25
0:32 Loom
11:21 Feudal Age
11:59 Double-Bit Axe
13:40 Wheelbarrow
15:08 Gold Mining
16:08 Horse Collar
19:36 Castle Age
19:07 Scale Barding Armor
19:13 Forging
20:24 Heavy Plow
20:51 Bow Saw
22:59 Stone Mining
24:23 Chain Barding Armor
24:39 Iron Casting
30:20 Imperial Age
28:58 Husbandry
30:13 Cavalier
31:04 Bloodlines
31:29 Elite Skirmisher
34:27 Plate Barding Armor
34:53 Blast Furnace
36:02 Thumb Ring
36:01 Padded Archer Armor
35:52 Fletching
38:31 Chemistry
37:53 Ballistics
37:54 Leather Archer Armor
37:42 Caravan
38:25 Crop Rotation
41:15 Ring Archer Armor
40:40 Bodkin Arrow
42:34 Savar
Connection lost

Rejoining the realm…

Still unreachable

The connection could not be restored.

Session expired

The server has moved on; the page needs a fresh start.